 Dungeon Crawl Stone Soup version 0.32-a0-22-g6ae6769602 (webtiles) character file.

Game seed: 6388255473188028744

46 MacCMillion the Shield-Bearer (level 3, -3/29 HPs)
             Began as a Formicid Fighter on Jan 18, 2024.
             Slain by a ribbon worm (6 damage)
             ... on level 2 of the Dungeon.
             The game lasted 00:01:09 (842 turns).

MacCMillion the Shield-Bearer (Formicid Fighter)     Turns: 842, Time: 00:01:09

Health: -3/29      AC: 10    Str: 22    XL:     3   Next: 95%
Magic:  3/3        EV:  9    Int:  7    God:
Gold:   26         SH:  5    Dex: 13    Spells: 2/2 levels left

rFire   . . .        a - +0 war axe
rCold   . . .        c - +0 buckler
rNeg    . . .        b - +0 scale mail
rPois   .            (helmet unavailable)
rElec   .            (no cloak)
rCorr   .            (no gloves)
SInv    +            o - +2 pair of boots {rampage}
Will    .....        (no amulet) Stlth
                     (no ring)
HPRegen 0.24/turn    (no ring)
MPRegen 0.08/turn

%: rampage
@: no status effects
A: permanent stasis, dig shafts and tunnels, antennae 3, four strong arms
a: Dig, Shaft Self


You were on level 2 of the Dungeon.
You visited 1 branch of the dungeon, and saw 2 of its levels.

You collected 26 gold pieces.

Inventory:

Hand Weapons
 a - a +0 war axe (weapon)
Armour
 b - a +0 scale mail (worn)
 c - a +0 buckler (worn)
 o - a +2 pair of boots of rampaging (worn)
Jewellery
 m - a +6 ring of intelligence
Scrolls
 e - a scroll of teleportation {unknown}
 f - 2 scrolls of fear {unknown}
 j - a scroll of immolation {unknown}
 k - a scroll of enchant armour {unknown}
 l - a scroll of identify {unknown}
 n - a scroll of acquirement {unknown}
Potions
 d - 3 potions of might
 g - 2 potions of curing {unknown}
 h - a potion of attraction {unknown}
 i - a potion of cancellation {unknown}


   Skills:
 - Level 3.2 Fighting
 + Level 3.9 Axes
 - Level 3.2 Armour
 - Level 4.0 Shields


You had 2 spell levels left.
You didn't know any spells.
Your spell library was empty.

Dungeon Overview and Level Annotations

Branches:
Dungeon (2/15)

Altars:


Innate Abilities, Weirdness & Mutations

You cannot be hasted, slowed, berserked, paralysed or teleported.
You can dig through walls and to a lower floor.
You have a pair of large antennae on your head. (SInv)
Your four strong arms can wield two-handed weapons with a shield.


Message History

The gnoll barely misses you. The gnoll hits you but does no damage.
The ribbon worm expels a string of sticky webbing.
The stream of webbing hits you but does no damage.
You are caught in a web!
You are caught in a web!
You are caught in a web!
You are caught in a web!
You are caught in a web!
The gnoll hits you but does no damage. The gnoll barely misses you.
The ribbon worm expels a string of sticky webbing.
The stream of webbing hits you but does no damage.
You are caught in a web!
The gnoll hits you with a +0 spear. You block the gnoll's attack.
You block the ribbon worm's attack.
You slash the gnoll!
You kill the gnoll!
You slash the ribbon worm! You barely miss the gnoll.
The ribbon worm barely misses you. The gnoll barely misses you.
You block the gnoll's attack.
You barely miss the gnoll.
The gnoll is heavily wounded.
You slash the gnoll! You hit the ribbon worm.
The gnoll hits you with a +0 spear. The gnoll hits you but does no damage.
The ribbon worm misses you.
You hit the gnoll.
The gnoll is severely wounded.
You barely miss the ribbon worm. You hit the gnoll.
You kill the gnoll!
The gnoll hits you with a +0 spear.
* * * LOW HITPOINT WARNING * * *
The ribbon worm barely misses you.
You completely miss the gnoll.
The gnoll is severely wounded.
You barely miss the ribbon worm. The gnoll hits you with a +0 spear.
* * * LOW HITPOINT WARNING * * *
The ribbon worm bites you but does no damage.
You slash the gnoll!
You kill the gnoll!
You hit the ribbon worm. The ribbon worm bites you.
You die...

##### #######
#...#######.....#
+........##.....#
#....###.##.....#
#....#....'.....+ {
#....##.#.#.....######
##+#...........w......
#.#.........#@###....
####...........+$)......
.....#.........#.##.....
.......(.......#.# ....
......########.#.. ...
......# #.... .#
......##.+ ..##### #
.......#.# ..+
#+#+#..#.#...#


You could see a ribbon worm.

Vanquished Creatures
  3 gnolls (D:2)
  An adder (D:2)
  A ball python (D:1)
  2 endoplasms (D:1)
  3 hobgoblins
  A kobold (D:1)
  9 rats (D:1)
20 creatures vanquished.

Notes
Turn   | Place    | Note
-------+----------+-------------------------------------------
     0 | D:1      | MacCMillion the Formicid Fighter began the quest for the
                  | Orb.
     0 | D:1      | Reached XP level 1. HP: 18/18 MP: 1/1
   222 | D:1      | Reached XP level 2. HP: 21/24 MP: 2/2
   765 | D:2      | Reached XP level 3. HP: 29/29 MP: 3/3
   842 | D:2      | Slain by a ribbon worm

Illustrated notes

Levels and vault maps discovered:
D:1:      eino_arrival_tree_alley, layout_loops_ring, minmay_rat_gold_closets
D:2:      layout_basic

Skill      XL: |  1  2 |
---------------+-------+-----
Axes           | 3 |  3.9
Fighting       | |  3.2
Armour         | |  3.2
Shields        | |  4.0

Action                     || total
---------------------------++-------
  Melee: War axe           ||    44
 Armour: Scale mail        ||    38
  Dodge: Dodged            ||    21
  Block: Buckler           ||     8

Table legend: (Time is in decaauts)
 A = Elapsed time spent in this place.
 B = Non-inter-level travel time spent in this place.
 C = Inter-level travel time spent in this place.
 D = Time resting spent in this place.
 E = Time spent auto-exploring this place.
 F = Levels seen in this place.
 G = Mean time per level.
                   A        B        C        D        E       F      G
               +--------+--------+--------+--------+--------+-----+--------+
         Total |    859 |    847 |     12 |    100 |    572 |   2 |  429.5 |
       Dungeon |    859 |    847 |     12 |    100 |    572 |   2 |  429.5 |
               +--------+--------+--------+--------+--------+-----+--------+

Top non-repeatable levels by time:
     D:1: 765 daAuts
     D:2: 93 daAuts
